 Dungeon Crawl Stone Soup version 0.26.1-11-gd32895ea62 (webtiles) character file.

Game seed: 6215713266988821223

707 Zeld the Gusty (level 7, -4/46 HPs)
             Began as an Octopode Air Elementalist on May 10, 2021.
             Was an Initiate of Sif Muna.
             Slain by an orc warrior
             ... wielding a +0 dire flail
              (26 damage)
             ... on level 6 of the Dungeon.
             The game lasted 00:18:17 (8263 turns).

Zeld the Gusty (Octopode Air Elementalist)          Turns: 8263, Time: 00:18:18

Health: -4/46      AC:  1    Str: 14    XL:     7   Next: 67%
Magic:  1/12       EV: 23    Int: 19    God:    Sif Muna [......]
Gold:   483        SH:  0    Dex: 12    Spells: 5/13 levels left

rFire    . . .     SeeInvis .   (no weapon)
rCold    + . .     Faith    .   (no shield)
rNeg     . . .     Spirit   .   (helmet restricted)
rPois    .         Reflect  .   (no amulet)
rElec    .         Harm     .   e - +6 ring of strength
rCorr    .         Rampage  .   o - +4 ring of evasion
Will     .....                  u - +4 ring of evasion
Stlth    +++.......             q - ring of protection from cold
HPRegen  0.15/turn              (no ring)
MPRegen  0.13/turn              (no ring)
                                (no ring)
                                (no ring)

@: no status effects
A: almost no armour, stealthy swim, amphibious, 8 rings, constrict 8, camouflage
1, gelatinous body 1
a: Renounce Religion


You were on level 6 of the Dungeon.
You worshipped Sif Muna.
Sif Muna was noncommittal.
You visited 2 branches of the dungeon, and saw 7 of its levels.

You collected 483 gold pieces.

Inventory:

Jewellery
 e - a +6 ring of strength (left tentacle)
 o - a +4 ring of evasion (right tentacle)
 q - a ring of protection from cold (on tentacle)
 u - a +4 ring of evasion (on tentacle)
Wands
 l - a wand of acid (5)
 y - a wand of flame (23)
Scrolls
 a - a scroll of magic mapping {unknown}
 b - a scroll of random uselessness {unknown}
 c - 3 scrolls of teleportation
 d - 4 scrolls of remove curse
 f - 4 scrolls of identify {unknown}
 i - 3 scrolls of fear {unknown}
 k - a scroll of blinking {unknown}
 n - a scroll of enchant weapon {unknown}
 w - a scroll of enchant armour {unknown}
 x - a scroll of amnesia {unknown}
 z - a scroll of vulnerability {unknown}
 B - 2 scrolls of noise {unknown}
Potions
 g - 2 potions of flight {unknown}
 h - 2 potions of ambrosia {unknown}
 j - a potion of degeneration {unknown}
 m - 2 potions of haste {unknown}
 p - a potion of heal wounds {unknown}
 r - a potion of brilliance {unknown}
 s - a potion of invisibility {unknown}
 t - 3 potions of curing {unknown}
 v - a potion of might {unknown}
 A - a potion of cancellation {unknown}


   Skills:
 + Level 3.3 Fighting
 + Level 4.1 Dodging
 - Level 2.6 Stealth
 + Level 3.7 Spellcasting
 - Level 1.0 Conjurations
 * Level 6.0 Air Magic


You had 5 spell levels left.
You knew the following spells:

 Your Spells              Type           Power        Failure   Level
a - Shock                 Conj/Air       68%          3%          1
b - Static Discharge      Conj/Air       17%          10%         3
c - Airstrike             Air            13%          12%         4

Your spell library contained the following spells:

 Spells                   Type           Power        Failure   Level
 Swiftness                Air            26%          1%          2
 Foxfire                  Conj/Fire      20%          12%         1
 Conjure Flame            Conj/Fire      5%           34%         3
 Inner Flame              Hex/Fire       3%           38%         3
 Lightning Bolt           Conj/Air       8%           67%         5
 Sticky Flame             Conj/Fire      5%           75%         4
 Fireball                 Conj/Fire      2%           97%         5


Dungeon Overview and Level Annotations

Branches:
Dungeon (6/15)             Temple (1/1) D:4

Altars:
Ashenzari
Cheibriados
Dithmenos
Elyvilon
Fedhas
Gozag
Hepliaklqana
Kikubaaqudgha
Makhleb
Nemelex Xobeh
Okawaru
Qazlal
Ru
Sif Muna
Trog
Uskayaw
Vehumet
Wu Jian
Yredelemnul
Zin
The Shining One


Innate Abilities, Weirdness & Mutations

You cannot wear most types of armour.
You are very stealthy in the water. (Stealth+)
You are amphibious.
You can wear up to eight rings at the same time.
You can use your tentacles to constrict eight enemies at once.
Your skin changes colour to match your surroundings (Stealth+).
Your rubbery body absorbs attacks. (AC +1, EV +1)


Message History

The zap hits the orc wizard.
The orc wizard is severely wounded.
The zap hits the orc warrior.
The orc warrior is heavily wounded.
The zap hits the orc wizard.
The orc wizard is almost dead.
The orc warrior hits you with a +0 dire flail!
You are too injured to fight recklessly!
Casting: Shock (safe; 3% risk of failure)
Confirm with . or Enter, or press ? or * to list all spells.
Aiming: Shock (safe; 3% risk of failure)
Press: ? - help, Shift-Dir - straight line, p - orc warrior The zap hits the orc warrior but does no damage.
The orc warrior is heavily wounded.
The zap hits the orc wizard.
You kill the orc wizard!
Sif Muna accepts your kill.
The orc warrior hits you with a +0 dire flail!!
Ouch! That really hurt!
You die...

#.# #.# #.# #.#
#.# #.# #.# #.#
#.##########.#
#..........#.#
#..#######.#)#
#<...)รท....#o#
######.#########@#
.................#
#.............####
#.............#
#.............#
#.............#
#.............#
#.............#
#......>......#


You could see an orc warrior.

Vanquished Creatures
  Blork the orc (D:6)
  A bullfrog (D:6)
  A scorpion (D:4)
  A howler monkey (D:4)
  A bullfrog skeleton (D:4)
  2 orc priests
  3 orc wizards
  3 worker ants
  3 gnolls (D:3)
  12 adders
  A white imp (D:5)
  An ooze (D:1)
  5 dart slugs
  2 worms
  5 leopard geckos
  9 orcs
  9 bats
  4 giant cockroaches
  8 hobgoblins
  2 quokkas
  A ball python (D:1)
  5 frilled lizards
  15 goblins
  13 kobolds
  A quokka skeleton (D:4)
  12 rats
121 creatures vanquished.

Vanquished Creatures (others)
  2 plants (D:1)
2 creatures vanquished.

Grand Total: 123 creatures vanquished

Notes
Turn   | Place    | Note
-------+----------+-------------------------------------------
     0 | D:1      | Zeld the Octopode Air Elementalist began the quest for the
                  | Orb.
     0 | D:1      | Reached XP level 1. HP: 11/11 MP: 3/3
   250 | D:1      | Reached XP level 2. HP: 18/18 MP: 0/5
   923 | D:1      | Reached skill level 1 in Fighting
   923 | D:1      | Reached XP level 3. HP: 13/23 MP: 0/6
   927 | D:1      | Learned a level 3 spell: Static Discharge
  1628 | D:2      | Found a faded altar of an unknown god.
  1883 | D:2      | Reached XP level 4. HP: 28/28 MP: 5/7
  2507 | D:3      | Reached skill level 4 in Air Magic
  2719 | D:3      | Reached XP level 5. HP: 8/34 MP: 1/9
  4184 | D:3      | Reached XP level 6. HP: 17/39 MP: 3/10
  4189 | D:3      | Learned a level 4 spell: Airstrike
  4905 | D:4      | Found a staircase to the Ecumenical Temple.
  4953 | Temple   | Entered the Ecumenical Temple
  5029 | Temple   | Became a worshipper of Sif Muna the Loreminder
  5764 | D:4      | Reached skill level 5 in Air Magic
  6429 | D:4      | Reached XP level 7. HP: 40/45 MP: 6/12
  7118 | D:5      | Entered Level 5 of the Dungeon
  7792 | D:6      | Noticed Blork the orc
  7810 | D:6      | Killed Blork the orc
  8209 | D:6      | Reached skill level 6 in Air Magic
  8263 | D:6      | Slain by an orc warrior

Illustrated notes

Levels and vault maps discovered:
D:1:      dpeg_arrival_rooms_with_view, layout_basic, serial_forest,
          infiniplex_forest_clump_double, infiniplex_forest_clump_tiny,
          infiniplex_forest_clump_small, infiniplex_forest_lined_3_way,
          infiniplex_forest_corner_1, infiniplex_forest_clump_medium,
          infiniplex_forest_zigzag_1, infiniplex_forest_straight_3,
          infiniplex_forest_straight_3
D:2:      layout_rooms, chequers_ecumenical_altar_simple,
          chequers_serial_rivers_marsh
D:3:      minmay_razor_zed, layout_basic, portal_sewer_entry_e,
          minmay_goblin_kobold_house
D:4:      layout_layer_cave, minmay_temple_entry_drinking_statues,
          corexii_leaking_fountain, hangedman_abyss_or_decor_lesser_grid,
          kennysheep_generic_room_11
D:5:      layout_basic
D:6:      minmay_chambers_of_threes, layout_basic, uniq_blork_the_orc
Temple:   regret_index_temple_sigil_plot

Skill      XL: |  1  2  3  4  5  6  7 |
---------------+----------------------+-----
Fighting       | 1 2 3 |  3.3
Air Magic      | 4 5 6 |  6.0
Dodging        | 3 4 |  4.1
Spellcasting   | 3 |  3.7
Stealth        | |  2.6
Conjurations   | |  1.0

Action                   |  1- 3 |  4- 6 |  7- 9 || total
-------------------------+-------+-------+-------++-------
Melee: Unarmed           |    17 |    31 |       ||    48
       Constrict         |     3 |     7 |       ||    10
       Tentacles         |     1 |     2 |       ||     3
 Cast: Shock             |    71 |   182 |    64 ||   317
       Static Discharge  |       |     2 |       ||     2
Evoke: Wand              |       |       |     2 ||     2
  Use: Potion            |       |     1 |       ||     1
       Scroll            |       |     3 |       ||     3
Armor: Skin              |     1 |    23 |       ||    24
Dodge: Dodged            |    13 |    59 |    22 ||    94
